AoeStats
← BeUt33

Arena

509570353Analyzed
1v1 RM · 5d ago on Sep 27, 2026· 48m 50s· 2 players
Game mode
Random Map
Map size
Tiny (2 player)
Population
200
Speed
Normal
Resources
Standard
Victory
Conquest
Starting age
Dark Age
Ending age
Imperial Age
RankedLock teamsTeams togetherTeam positionsShared explorationLock speedFull tech treeHidden civsTurbo modeCheats
Victory
Defeat
🇨🇳 Teutons · China
901
+17
🇫🇷 Khmer · France
927
-17
BeUt33
2:08 Loom
11:49 Feudal Age
12:17 Horse Collar
16:57 Castle Age
15:47 Double-Bit Axe
17:25 Man-at-Arms
20:50 Long Swordsman
27:58 Wheelbarrow
31:41 Imperial Age
29:35 Stone Mining
29:36 Gold Mining
29:36 Town Watch
30:03 Pikeman
30:49 Tusk Swords
32:26 Hand Cart
33:20 Scale Barding Armor
33:06 Fletching
32:57 Two-Handed Swordsman
35:08 Forging
34:58 Scale Mail Armor
35:41 Padded Archer Armor
36:19 Bodkin Arrow
36:23 Light Cavalry
37:14 Bloodlines
37:17 Hussar
39:52 Double Crossbow
40:05 Bracer
41:49 Chemistry
41:51 Town Patrol
43:10 Husbandry
43:50 Gold Shaft Mining
44:05 Chain Barding Armor
44:01 Chain Mail Armor
44:21 Leather Archer Armor
44:42 Iron Casting
46:08 Onager
48:35 Plate Barding Armor
284259989
6:38 Loom
7:42 Loom
10:57 Feudal Age
14:57 Castle Age
13:18 Double-Bit Axe
13:17 Horse Collar
21:59 Fervor
21:17 Pikeman
23:54 Sanctity
26:16 Wheelbarrow
25:27 Town Watch
26:16 Bow Saw
27:09 Heavy Plow
28:39 Hand Cart
32:42 Imperial Age
31:46 Gold Mining
31:49 Stone Mining
34:20 Conscription
33:50 Elite Teutonic Knight
37:16 Chemistry
36:37 Ballistics
36:53 Crop Rotation
37:25 Two-Man Saw
37:06 Town Patrol
36:28 Halberdier
38:32 Theocracy
39:33 Fortified Wall
39:52 Forging
39:48 Scale Barding Armor
42:30 Chain Barding Armor
42:45 Iron Casting
41:35 Onager
43:23 Crenellations
43:39 Hoardings
43:40 Arrowslits
44:01 Siege Engineers
43:48 Guard Tower
44:18 Guilds
46:04 Plate Barding Armor
46:30 Blast Furnace
45:00 Heavy Scorpion
47:57 Ironclad
48:22 Keep
48:08 Bombard Tower
48:43 Siege Onager
Connection lost

Rejoining the realm…

Still unreachable

The connection could not be restored.

Session expired

The server has moved on; the page needs a fresh start.